 Dungeon Crawl Stone Soup version 0.25.1-2-g60ff931df9 (webtiles) character file.

Game seed: 16525544777262067782

9 Descartes the Magician (level 2, -6/13 HPs)
             Began as a Spriggan Wizard on July 29, 2020.
             Killed from afar by a white imp (9 damage)
             ... with a puff of frost
             ... summoned by Natasha
             ... on level 2 of the Dungeon.
             The game lasted 00:01:06 (881 turns).

Descartes the Magician (Spriggan Wizard)             Turns: 881, Time: 00:01:07

Health: -6/13      AC:  2    Str:  3    XL:     2   Next: 3%
Magic:  1/8        EV: 18    Int: 19    God:
Gold:   29         SH:  0    Dex: 14    Spells: 8/9 levels left

rFire    . . .     SeeInvis +   g - +0 dagger
rCold    . . .     Gourm    .   (shield restricted)
rNeg     . . .     Faith    .   a - +0 robe
rPois    .         Spirit   .   b - +0 hat
rElec    .         Reflect  .   (no cloak)
rCorr    .         Harm     .   (gloves unavailable)
MR       .....                  (boots unavailable)
Stlth    ++........             (no amulet)
HPRegen  0.04/turn              (no ring)
MPRegen  0.11/turn              (no ring)

@: very slightly contaminated, very quick
A: very small, unfitting armour, see invisible, herbivore, speed 3, slow
metabolism 2
a: no special abilities


You were on level 2 of the Dungeon.
You were not hungry.

You visited 1 branch of the dungeon, and saw 2 of its levels.

You collected 29 gold pieces.

Inventory:

Hand Weapons
 g - a +0 dagger (weapon)
Missiles
 h - 26 stones (quivered)
 k - 21 arrows
Armour
 a - a +0 robe (worn)
 b - a +0 hat (worn)
Scrolls
 c - a scroll of fear {unknown}
 e - 4 scrolls of identify {unknown}
 i - a scroll of amnesia {unknown}
 j - a scroll of teleportation {unknown}
Potions
 f - a potion of degeneration {unknown}
Comestibles
 d - 2 rations


   Skills:
 - Level 3.0 Dodging
 - Level 3.0 Stealth
 - Level 4.0 Spellcasting
 + Level 1.5 Conjurations
   Level 0.7 Summonings
   Level 1.5 Translocations


You had 8 spell levels left.
You knew the following spells:

 Your Spells              Type           Power        Failure   Level  Hunger
a - Magic Dart            Conj           #...         8%          1    None

Your spell library contained the following spells:

 Spells                   Type           Power        Failure   Level  Hunger
 Blink                    Tloc           N/A          11%         2    ##.....
 Call Imp                 Summ           #.......     16%         2    ##.....
 Slow                     Hex            #.......     21%         2    ##.....
 Conjure Flame            Conj/Fire      #.......     30%         3    ###....
 Mephitic Cloud           Conj/Pois/Air  #.......     32%         3    ###....


Dungeon Overview and Level Annotations

Branches:
Dungeon (2/15)

Altars:

Annotations:
D:2 Natasha


Innate Abilities, Weirdness & Mutations

You are very small and have problems with some larger weapons.
You are too small for most types of armour.
You have supernaturally acute eyesight. (SInv)
You are a herbivore.
You cover ground extremely quickly.
You need to consume almost no food.


Message History

Press: ? - help, Shift-Dir - straight line, f - Natasha
Aim: Natasha (moderately wounded)
The magic dart hits Natasha.
Natasha is heavily wounded.
The white imp shouts!
Natasha stares at you and mumbles some strange words.
The magic dart hits you.
* * * LOW HITPOINT WARNING * * *
Unknown command.
Casting: Magic Dart (safe; 8% risk of failure)
Confirm with . or Enter, or press ? or * to list all spells.
You don't have enough magic to cast that spell.
You see here a +0 club.
You open the door.
Natasha casts a spell.
There is an open door here.
The white imp gestures at you. The puff of frost hits you!
Ouch! That really hurt!
You die...

##.#. #.........#
... #.........# #.#
#)##...#### #5#+##
#.##...#
#.5.h###.##...#
##........###.##
##...5...### #..##
#......)..####...##
+.........'@......#
#.........####..<##
##.......## ##.##
##.....## #.#
#.≈...## #.#
#.≈...# #.# ≈≈≈≈≈≈≈
#.# #####.## #.#
#.#


You could see Natasha and 2 white imps.

Vanquished Creatures
  A dart slug (D:1)
  A goblin (D:1)
  A hobgoblin (D:1)
  3 kobolds
  A rat (D:1)
7 creatures vanquished.

Notes
Turn   | Place    | Note
-------+----------+-------------------------------------------
     0 | D:1      | Descartes the Spriggan Wizard began the quest for the Orb.
     0 | D:1      | Reached XP level 1. HP: 9/9 MP: 6/6
    91 | D:1      | Reached skill level 1 in Conjurations
   819 | D:2      | Reached XP level 2. HP: 13/13 MP: 4/8
   864 | D:2      | Noticed Natasha
   881 | D:2      | Killed from afar by a white imp

Illustrated notes

Levels and vault maps discovered:
D:1:      minmay_arrival_hallway, layout_basic, minmay_misc_feat_tower
D:2:      layout_loops_corners, lemuel_coloured_pillars_altar,
          minmay_gold_behind_fungi, chequers_serial_rivers_micro_e,
          uniq_sigmund, uniq_natasha

Skill      XL: |  1 |
---------------+----+-----
Conjurations   | 1 |  1.5
Dodging        | |  3.0
Stealth        | |  3.0
Spellcasting   | |  4.0
Summonings     | |  0.7
Translocations | |  1.5

Action                   || total
-------------------------++-------
 Cast: Magic Dart        ||    25
